 Dungeon Crawl Stone Soup version 0.28-a0-872-g80cf8599ee (webtiles) character file.

Game seed: 13486170833133589697

442 patchburns1 the Covered (level 6, -3/56 HPs)
             Began as a Minotaur Fighter on Nov 20, 2021.
             Was a Follower of Yredelemnul.
             Killed from afar by an orc wizard (28 damage)
             ... with a bolt of acid
             ... on level 4 of the Dungeon.
             The game lasted 00:10:29 (2102 turns).

patchburns1 the Covered (Minotaur Fighter)          Turns: 2102, Time: 00:10:30

Health: -3/56      AC:  8    Str: 21    XL:     6   Next: 71%
Magic:  6/6        EV: 10    Int:  6    God:    Yredelemnul [*.....]
Gold:   167        SH:  5    Dex: 10    Spells: 5/5 levels left

rFire   + . .      SeeInvis .   a - +0 trident
rCold   . . .      Faith    .   c - +0 buckler
rNeg    . . .      Spirit   .   l - +0 scale mail {rF+}
rPois   .          Reflect  .   (helmet restricted)
rElec   .          Harm     .   j - +0 cloak
rCorr   .          Rampage  .   (no gloves)
Will    .....                   (no boots)
Stlth   ..........              (no amulet)
HPRegen 0.18/turn               (no ring)
MPRegen 0.10/turn               (no ring)

@: no status effects
A: horns 2, retaliatory headbutt
a: Renounce Religion, Animate Remains


You were on level 4 of the Dungeon.
You worshipped Yredelemnul.
Yredelemnul was aware of your devotion.
You visited 1 branch of the dungeon, and saw 4 of its levels.

You collected 167 gold pieces.

Inventory:

Hand Weapons
 a - a +0 trident (weapon)
 k - a +3 vorpal mace
Missiles
 b - 24 poisoned darts
 e - 81 stones (quivered)
 m - a throwing net
Armour
 c - a +0 buckler (worn)
 j - a +0 cloak (worn)
 l - a +0 scale mail of fire resistance (worn)
Scrolls
 f - 2 scrolls of identify {unknown}
 g - a scroll of acquirement {unknown}
 n - a scroll of teleportation {unknown}
Potions
 d - a potion of might
 h - a potion of curing {unknown}
 i - a potion of cancellation {unknown}
 o - a potion of heal wounds {unknown}


   Skills:
 * Level 5.1 Fighting
 * Level 4.0 Polearms
 + Level 1.4 Throwing
 * Level 5.2 Armour
 + Level 1.9 Dodging
 * Level 5.0 Shields
 + Level 1.5 Invocations
 + Level 1.2 Evocations


You had 5 spell levels left.
You didn't know any spells.
Your spell library was empty.

Dungeon Overview and Level Annotations

Branches:
Dungeon (3/15)

Altars:
Elyvilon
Nemelex Xobeh
Yredelemnul
The Shining One

Shops:
D:1 :   D:2 (


Innate Abilities, Weirdness & Mutations

You have a pair of horns on your head.
You reflexively headbutt those who attack you in melee.


Message History

The orc wizard casts a spell at you. The puff of flame hits you. You resist.
A kobold comes into view. It is wielding a +0 mace.
There is an open door, spattered with blood here.
Items here: ( )) †.
You closely miss the orc wizard.
The kobold shouts!
You headbutt the orc wizard!
The orc wizard is severely wounded.
The orc wizard hits you but does no damage.
The orc wizard casts a spell at you. You resist with some effort.
You hit the orc wizard but do no damage.
The orc wizard is severely wounded.
The orc wizard barely misses you. You furiously retaliate!
You headbutt the orc wizard!
You kill the orc wizard!
Yredelemnul accepts your kill.
Your Polearms skill increases to level 4!
The orc wizard gestures wildly while chanting.
The orc wizard flickers and vanishes!
Deactivating autopickup; reactivate with Ctrl-A.
There is an open door, spattered with blood here.
You see here an adder skeleton.
You close the door, pushing everything out of the way.
You aren't carrying any items that you can evoke.
As you close the door, it creaks loudly!
An orc breaks down the door.
Reach: a) +0 trident
Press: ? - help, Dir - move target, f - orc
Aim: an orc, wielding a +0 club (about 41% to evade your +0 trident)
You reach to attack!
You barely miss the orc.
You hear a zap.
A bolt of acid appears from out of thin air!
The bolt of acid hits the orc!!
The orc dies!
The bolt of acid hits you!!
Ouch! That really hurt!
You die...
Your body rises from the dead as a mindless zombie.

#......#
####..o...#
#.........#
#..#......#
#.........#
#.{#####.##
#.)#÷..#.#
#..'.⌠.+.#
#..#@..#.#
#..#####.#
#......[.#
#......###
########


There were no monsters in sight!

Vanquished Creatures
  Menkaure (D:4)
  A black bear (D:4)
  Jessica (D:2)
  Terence (D:2)
  An orc wizard (D:4)
  4 gnolls (D:2)
  6 adders
  2 worms
  A dart slug (D:1)
  8 ball pythons
  4 bats
  5 endoplasms
  4 giant cockroaches
  2 hobgoblins
  7 jackals (D:2)
  11 kobolds
  A quokka (D:1)
  3 frilled lizards (D:1)
  5 goblins
68 creatures vanquished.

Vanquished Creatures (others)
  An orc (D:4)
  5 plants (D:2)
6 creatures vanquished.

Grand Total: 74 creatures vanquished

Notes
Turn   | Place    | Note
-------+----------+-------------------------------------------
     0 | D:1      | patchburns1 the Minotaur Fighter began the quest for the
                  | Orb.
     0 | D:1      | Reached XP level 1. HP: 19/19 MP: 0/0
    72 | D:1      | Reached XP level 2. HP: 23/27 MP: 1/1
   323 | D:1      | Reached XP level 3. HP: 26/33 MP: 2/2
   454 | D:1      | Found a faded altar of an unknown god.
   525 | D:1      | Found Gipairin's Book Emporium.
   710 | D:2      | Noticed Terence
   719 | D:2      | Killed Terence
   720 | D:2      | Reached XP level 4. HP: 16/40 MP: 3/3
  1015 | D:2      | Found a basalt altar of Yredelemnul.
  1063 | D:2      | Became a worshipper of Yredelemnul the Dark
  1119 | D:2      | Reached skill level 1 in Dodging
  1315 | D:2      | Noticed Jessica
  1326 | D:2      | Killed Jessica
  1327 | D:2      | Reached XP level 5. HP: 47/47 MP: 4/4
  1540 | D:2      | Reached skill level 1 in Invocations
  1625 | D:2      | Found Bunics's Weapon Shoppe.
  1748 | D:3      | Reached skill level 1 in Throwing
  1790 | D:3      | Found a sparkling altar of Nemelex Xobeh.
  1791 | D:3      | Found a white marble altar of Elyvilon.
  1792 | D:3      | Found a glowing golden altar of the Shining One.
  1795 | D:3      | You fall into a shaft and drop 1 floor!
  1795 | D:4      | Noticed a black bear
  1808 | D:4      | Killed a black bear
  1809 | D:4      | Reached skill level 1 in Evocations
  1809 | D:4      | Reached XP level 6. HP: 22/55 MP: 5/5
  2066 | D:4      | Noticed Menkaure
  2068 | D:4      | Reached * piety under Yredelemnul
  2082 | D:4      | Killed Menkaure
  2083 | D:4      | Reached skill level 5 in Fighting
  2083 | D:4      | Reached skill level 5 in Armour
  2083 | D:4      | Reached skill level 5 in Shields
  2102 | D:4      | Killed from afar by an orc wizard

Illustrated notes

Levels and vault maps discovered:
D:1:      evilmike_arrival_plus, layout_basic, serial_shops,
          nicolae_shop_temple_entry_statues_fountains,
          hellmonk_ecumenical_altar_crossroads, minmay_indecisive_spiral
D:2:      layout_loops_ring, serial_forest, infiniplex_forest_straight_2,
          infiniplex_forest_lined_ring, infiniplex_forest_lined_1,
          infiniplex_forest_straight_5, infiniplex_forest_clump_double,
          infiniplex_forest_zigzag_2, infiniplex_forest_lined_3,
          infiniplex_forest_end_double, infiniplex_forest_end_2, serial_shops,
          nicolae_shop_bloodbath_and_beyond, basic_altar, hangedman_decor_push,
          uniq_jessica, uniq_terence
D:3:      layout_loops_ring, grunt_temple_overflow_open, due_unseen_surprise
D:4:      layout_gridville, minmay_misc_feat_room, uniq_menkaure

Skill      XL: |  1  2  3  4  5  6 |
---------------+-------------------+-----
Shields        | 4 5 |  5.0
Fighting       | 4 5 |  5.1
Armour         | 4 5 |  5.2
Polearms       | 3 4 |  4.0
Dodging        | 1 |  1.9
Invocations    | 1 |  1.5
Throwing       | 1 |  1.4
Evocations     | 1 |  1.2

Action                   |  1- 3 |  4- 6 || total
-------------------------+-------+-------++-------
Melee: Trident           |    80 |   106 ||   186
       Headbutt          |    14 |    13 ||    27
Armor: Scale mail        |    16 |    48 ||    64
Dodge: Dodged            |    23 |    51 ||    74
Block: Buckler           |    17 |    17 ||    34

Table legend: (Time is in decaauts)
 A = Elapsed time spent in this place.
 B = Non-inter-level travel time spent in this place.
 C = Inter-level travel time spent in this place.
 D = Time resting spent in this place.
 E = Time spent auto-exploring this place.
 F = Levels seen in this place.
 G = Mean time per level.
                   A        B        C        D        E       F      G
               +--------+--------+--------+--------+--------+-----+--------+
         Total |   2134 |   2117 |     17 |    383 |   1007 |   4 |  533.5 |
       Dungeon |   2134 |   2117 |     17 |    383 |   1007 |   4 |  533.5 |
               +--------+--------+--------+--------+--------+-----+--------+

Top non-repeatable levels by time:
     D:2: 1116 daAuts
     D:1: 650 daAuts
     D:4: 311 daAuts
     D:3: 56 daAuts
